 Dungeon Crawl Stone Soup version 0.25.1-9-gc5326a611f (webtiles) character file.

Game seed: 13907300395080177601

203 RETERIOR the Stinger (level 5, -15/39 HPs)
             Began as a Draconian Venom Mage on Jan 2, 2021.
             Was a Follower of Nemelex Xobeh.
             Demolished by an ogre
             ... wielding a +0 giant club
              (17 damage)
             ... on level 4 of the Dungeon.
             The game lasted 00:15:00 (4605 turns).

RETERIOR the Stinger (Draconian Venom Mage)         Turns: 4605, Time: 00:15:00

Health: -15/39     AC:  5    Str: 11    XL:     5   Next: 51%
Magic:  5/10       EV: 12    Int: 16    God:    Nemelex Xobeh [*.....]
Gold:   188        SH:  0    Dex: 11    Spells: 10/11 levels left

rFire    . . .     SeeInvis .   f - +2 dagger (speed)
rCold    . . .     Gourm    .   (no shield)
rNeg     . . .     Faith    .   (armour unavailable)
rPois    .         Spirit   .   (helmet restricted)
rElec    .         Reflect  .   (no cloak)
rCorr    .         Harm     .   (no gloves)
MR       .....                  (no boots)
Stlth    ++........             (no amulet)
HPRegen  0.13/turn              (no ring)
MPRegen  0.12/turn              (no ring)

@: no status effects
A: unfitting armour, cold-blooded, AC +5
a: Draw Escape, Draw Destruction, Draw Summoning, Renounce Religion


You were on level 4 of the Dungeon.
You worshipped Nemelex Xobeh.
Nemelex Xobeh was aware of your devotion.
You were not hungry.

You visited 1 branch of the dungeon, and saw 4 of its levels.

You collected 188 gold pieces.

Inventory:

Hand Weapons
 d - a +0 short sword
 f - a +2 dagger of speed (weapon)
Armour
 g - a +1 pair of gloves
 l - a +0 pair of gloves
Jewellery
 k - a +6 ring of dexterity {unknown}
Wands
 m - a wand of flame (10)
Scrolls
 e - a scroll of enchant weapon
 o - a scroll of amnesia {unknown}
Potions
 a - a potion of heal wounds {unknown}
 c - a potion of lignification
 h - a potion of might {unknown}
 i - a potion of mutation {unknown}
 j - a potion of curing {unknown}
 n - a potion of stabbing {unknown}
Comestibles
 b - 4 rations


   Skills:
 + Level 0.3 Fighting
 + Level 0.3 Short Blades
 + Level 2.0 Dodging
 + Level 2.1 Stealth
 + Level 3.7 Spellcasting
 + Level 2.4 Transmutations
 + Level 4.2 Poison Magic


You had 10 spell levels left.
You knew the following spells:

 Your Spells              Type           Power        Failure   Level  Hunger
a - Sting                 Tmut/Pois      ##..         4%          1    None

Your spell library contained the following spells:

 Spells                   Type           Power        Failure   Level  Hunger
 Poisonous Vapours        Pois/Air       #.....       11%         2    ##.....
 Ignite Poison            Fire/Tmut/Pois ##......     22%         3    ###....
 Mephitic Cloud           Conj/Pois/Air  #.......     30%         3    ###....
 Olgreb's Toxic Radiance  Pois           ###.....     30%         4    ####...


Dungeon Overview and Level Annotations

Branches:
Dungeon (4/15)
 Temple: D:4-7

Altars:
Nemelex Xobeh
Ru
Trog
Wu Jian
Xom
Zin


Innate Abilities, Weirdness & Mutations

Your plain brown scales are hard. (AC +5)
You cannot fit into any form of body armour.
You are cold-blooded and may be slowed by cold attacks.


Message History

Confirm with . or Enter, or press ? or * to list all spells.
Aiming: Sting (safe; 4% risk of failure)
Press: ? - help, Shift-Dir - straight line, f/p - ogre
Aim: an ogre, wielding a +0 giant club (heavily wounded, extremely poisoned)
The sting hits the ogre.
The ogre looks as sick as possible!
The ogre is severely wounded.
Something hits you.
* * * LOW HITPOINT WARNING * * *
The hound skeleton bites you.
* * * LOW HITPOINT WARNING * * *
The ogre hits you with a +0 giant club!
* * * LOW HITPOINT WARNING * * *
The orc wizard mumbles some strange words.
The orc wizard blinks!
Something hits you but does no damage.
You draw a card...
You have drawn the Shaft.
A shaft materialises beneath you!
The hound skeleton bites you but does no damage.
Your insubstantial wisp hits the insubstantial wisp.
Something hits you but does no damage. The ogre hits you with a +0 giant club!
You die...
Your body disappears without a glow.

########################
.......@O./.............
#######Z{.##+###########
#.......# #.v.....#
#vv.)...# #.v.......
#.ยง........ #o.........
#...##+####


You could see an ogre (extremely poisoned), an insubstantial wisp (summoned), an
orc wizard, a hound skeleton and 3 friendly insubstantial wisps.

Vanquished Creatures
  A bullfrog skeleton (D:4)
  An orc wizard (D:4)
  2 adders (D:3)
  3 worms
  2 dart slugs
  4 orcs
  4 bats
  4 giant cockroaches
  7 goblins
  9 hobgoblins
  5 jackals
  2 quokkas (D:3)
  5 frilled lizards
  10 kobolds
  5 rats
64 creatures vanquished.

Vanquished Creatures (collateral kills)
  An orc priest (D:4)
  Natasha (twice) (D:2)
  3 orcs (D:4)
  A rat (D:2)
7 creatures vanquished.

Vanquished Creatures (others)
  A ball python (D:3)
1 creature vanquished.

Grand Total: 72 creatures vanquished

Notes
Turn   | Place    | Note
-------+----------+-------------------------------------------
     0 | D:1      | RETERIOR the Draconian Venom Mage began the quest for the
                  | Orb.
     0 | D:1      | Reached XP level 1. HP: 14/14 MP: 3/3
   108 | D:1      | Reached XP level 2. HP: 20/20 MP: 0/5
   881 | D:1      | You fall into a shaft and drop 1 floor!
  1141 | D:2      | Found an ornate altar of the Wu Jian Council.
  1164 | D:2      | Reached XP level 3. HP: 26/26 MP: 1/6
  1958 | D:2      | Found a bloodstained altar of Trog.
  2135 | D:2      | Found a sparkling altar of Nemelex Xobeh.
  2149 | D:2      | Became a worshipper of Nemelex Xobeh the Trickster
  2203 | D:2      | Received a gift from Nemelex Xobeh
  2275 | D:2      | Noticed Natasha
  2280 | D:2      | Killed Natasha
  2541 | D:2      | Noticed Natasha
  2576 | D:2      | Killed Natasha
  2576 | D:2      | Reached XP level 4. HP: 33/33 MP: 6/8
  2730 | D:3      | Found a shimmering altar of Xom.
  2731 | D:3      | Noticed an angel
  2743 | D:3      | Found a glowing silver altar of Zin.
  2797 | D:3      | Reached skill level 4 in Poison Magic
  2957 | D:3      | Reached * piety under Nemelex Xobeh
  3705 | D:3      | Found a sacrificial altar of Ru.
  3859 | D:4      | Reached XP level 5. HP: 12/38 MP: 3/10
  3859 | D:4      | HP: 1/38 [orc priest/divine providence (11)]
  4415 | D:4      | Received a gift from Nemelex Xobeh
  4594 | D:4      | Noticed an ogre
  4596 | D:4      | Noticed an insubstantial wisp
  4605 | D:4      | Demolished by an ogre

Illustrated notes

Levels and vault maps discovered:
D:1:      nicolae_arrival_washed_ashore, layout_loops_corners
D:2:      layout_loops_corners, nicolae_overflow_crystal_walls,
          old_standard_altar, lemuel_crystal_altar, minivault_26,
          minmay_misc_feat_x, minmay_misc_feat_rugged,
          chequers_serial_rivers_micro_b, uniq_natasha
D:3:      layout_rooms, grunt_temple_overflow_order_and_chaos_1,
          nicolae_ru_sacrificial_ziggurat, first_ration
D:4:      layout_basic

Skill      XL: |  1  2  3  4  5 |
---------------+----------------+-----
Stealth        | 2 |  2.1
Transmutations | 2 |  2.4
Poison Magic   | 4 |  4.2
Spellcasting   | 3 |  3.7
Dodging        | 2 |  2.0
Fighting       | |  0.3
Short Blades   | |  0.3

Action                   |  1- 3 |  4- 6 || total
-------------------------+-------+-------++-------
Melee: Tailslap          |     4 |     6 ||    10
       Unarmed           |     1 |       ||     1
       Short sword       |     9 |       ||     9
       Dagger            |    30 |    45 ||    75
 Cast: Sting             |    61 |    52 ||   113
Invok: Draw Summoning    |     2 |     3 ||     5
       Draw Destruction  |       |     2 ||     2
       Draw Escape       |       |     1 ||     1
  Use: Scroll            |       |     3 ||     3
       Potion            |       |     2 ||     2
  Eat: Chunk             |     2 |     3 ||     5
       Ration            |     1 |     1 ||     2
Armor: Skin              |    12 |    27 ||    39
Dodge: Dodged            |    34 |    46 ||    80
